AoeStats
← Real ninja7238

Black Forest

506596891Analyzed
2v2 RM · 17d ago on Sep 14, 2026· 45m 25s· 4 players
Game mode
Random Map
Map size
Medium (4 player)
Population
200
Speed
Normal
Resources
Standard
Victory
Conquest
Starting age
Dark Age
Ending age
Imperial Age
RankedLock teamsTeams togetherTeam positionsShared explorationLock speedFull tech treeHidden civsTurbo modeCheats
Victory
Defeat
🇨🇳 Dravidians · China
845
+13
🇺🇸 Vietnamese · United States
737
+19
🇫🇷 Vietnamese · France
786
-16
🇦🇹 Wei · Austria
781
-16
suoplementmayo
9:33 Loom
11:59 Feudal Age
12:44 Horse Collar
13:06 Double-Bit Axe
17:17 Fletching
23:38 Castle Age
22:12 Padded Archer Armor
24:44 Bodkin Arrow
24:49 Crossbowman
27:07 Gold Mining
27:22 Heavy Plow
27:35 Bow Saw
28:55 Wheelbarrow
29:12 Leather Archer Armor
35:33 Imperial Age
35:39 Ballistics
37:21 Chemistry
35:49 Arbalester
ChessFish888
1:53 Loom
13:40 Feudal Age
14:17 Double-Bit Axe
14:28 Horse Collar
19:14 Wheelbarrow
21:40 Castle Age
23:48 Husbandry
27:29 Fletching
27:44 Padded Archer Armor
28:05 Bloodlines
28:55 Heavy Plow
29:09 Bow Saw
30:10 Thumb Ring
31:53 Stone Mining
31:54 Gold Mining
36:44 Imperial Age
34:17 Treadmill Crane
34:49 Masonry
35:02 Ballistics
41:01 Bodkin Arrow
45:05 Leather Archer Armor
40436350
0:28 Loom
16:08 Feudal Age
21:19 Castle Age
22:42 Elite Skirmisher
25:21 Horse Collar
25:27 Double-Bit Axe
33:14 Imperial Age
31:05 Fletching
32:06 Heavy Plow
32:18 Bow Saw
34:55 Chemistry
34:26 Conscription
36:28 Thumb Ring
38:08 Bodkin Arrow
40:43 Ballistics
41:36 Pikeman
Real ninja7238
1:36 Loom
15:29 Feudal Age
19:15 Castle Age
17:24 Gold Mining
17:36 Horse Collar
18:13 Stone Mining
18:16 Double-Bit Axe
24:17 Bow Saw
24:26 Heavy Plow
27:42 Fletching
27:54 Scale Mail Armor
28:23 Squires
29:54 Bloodlines
29:45 Husbandry
31:57 Wheelbarrow
31:08 Town Watch
32:01 Stone Mining
32:46 Hand Cart
33:22 Town Patrol
33:46 Town Patrol
36:36 Imperial Age
39:02 Light Cavalry
40:37 Paper Money
40:48 Elite Rattan Archer
46:03 Caravan
Connection lost

Rejoining the realm…

Still unreachable

The connection could not be restored.

Session expired

The server has moved on; the page needs a fresh start.